 Dungeon Crawl Stone Soup version 0.27.1-1-g398f81649c (webtiles) character file.

Game seed: 7062884065070275991

4 Descartes the Stinger (level 1, 0/12 HPs)
             Began as a Deep Elf Wanderer on Sept 20, 2021.
             Slain by a hobgoblin (3 damage)
             ... on level 1 of the Dungeon.
             The game lasted 00:01:11 (218 turns).

Descartes the Stinger (Deep Elf Wanderer)            Turns: 218, Time: 00:01:11

Health: 0/12       AC:  2    Str: 13    XL:     1   Next: 50%
Magic:  6/6        EV: 11    Int: 14    God:
Gold:   0          SH:  0    Dex: 12    Spells: 5/6 levels left

rFire    . . .     SeeInvis .   a - +0 falchion
rCold    . . .     Faith    .   (no shield)
rNeg     . . .     Spirit   .   c - +0 robe
rPois    .         Reflect  .   (no helmet)
rElec    .         Harm     .   (no cloak)
rCorr    .         Rampage  .   (no gloves)
Will     .....                  (no boots)
Stlth    ++........             (no amulet)
HPRegen  0.04/turn              (no ring)
MPRegen  0.10/turn              (no ring)

@: no status effects
A: no striking features
a: no special abilities


You were on level 1 of the Dungeon.
You visited 1 branch of the dungeon, and saw 1 of its levels.

Inventory:

Hand Weapons
 a - a +0 falchion (weapon)
Missiles
 d - 22 arrows
Armour
 c - a +0 robe (worn)
Potions
 b - a potion of lignification


   Skills:
 - Level 1.0 Fighting
 - Level 2.0 Long Blades
 - Level 1.0 Throwing
 - Level 1.2 Stealth
 - Level 3.0 Spellcasting
 + Level 0.7 Conjurations
 - Level 3.2 Poison Magic


You had 5 spell levels left.
You knew the following spells:

 Your Spells              Type           Power      Damage    Failure   Level
a - Magic Dart            Conj           16%        1d3       16%         1

Your spell library contained the following spells:

 Spells                   Type           Power      Damage    Failure   Level
 Blink                    Tloc           N/A        N/A       32%         2
 Call Imp                 Summ           2%         N/A       32%         2
 Passwall                 Tmut/Erth      1%         N/A       32%         2
 Slow                     Hex            2%         N/A       32%         2
 Mephitic Cloud           Conj/Pois/Air  5%         N/A       36%         3
 Conjure Flame            Conj/Fire      3%         6-21      50%         3
 Swiftness                Air            2%         N/A       54%         3
 Invisibility             Hex            1%         N/A       100%        6


Dungeon Overview and Level Annotations

Branches:
Dungeon (1/15)

Altars:


Message History

The bat is moderately wounded.
The bat hits you. x2; The hobgoblin closely misses you.
You closely miss the hobgoblin. The bat hits you. The hobgoblin hits you.
* * * LOW HITPOINT WARNING * * *
You are too injured to fight recklessly!
You are too injured to fight recklessly!
You are too injured to fight recklessly!
You are too injured to fight recklessly!
You are too injured to fight recklessly!
You are too injured to fight recklessly!
You are too injured to fight recklessly!
You are too injured to fight recklessly!
You are too injured to fight recklessly!
You are too injured to fight recklessly!
You are too injured to fight recklessly!
The hobgoblin barely misses you.
You riposte.
You hit the hobgoblin but do no damage. The hobgoblin hits you.
* * * LOW HITPOINT WARNING * * *
The bat hits you but does no damage. The bat hits you but does no damage.
Casting: Magic Dart (safe; 19% risk of failure)
Confirm with . or Enter, or press ? or * to list all spells.
Aiming: Magic Dart (safe; 19% risk of failure)
Press: ? - help, Shift-Dir - straight line, f - bat
Aim: a bat (100% to hit)
You miscast Magic Dart.
You are very lightly contaminated with residual magic.
Nothing appears to happen.
The bat barely misses you.
You riposte.
You closely miss the bat. The bat closely misses you.
You riposte.
You hit the bat.
You kill the bat!
Training target 2.0 for Long Blades reached!
Your Long Blades skill increases to level 2!
Your magical contamination has completely faded away.
The hobgoblin barely misses you.
You riposte.
You hit the hobgoblin but do no damage.
There is an open door here.
You open the door. The hobgoblin hits you.
You die...

#.# ##...## #.....# #.####
##.....## #.##.## #.##.##
##.......## #.#.##
###.....####.........###....##
...........'.........+.......#
###.....####.........####...##
#.....# ##.......## ##..#
#.....# ##..g..## ##.# ###.###
##.@.## #.# #.# ####'##### #.#
#.# ........# #.# #. .
.......# #.# .!.#.##..# #.#
.#.$..#..######.#
............†....#
#..#....#).######## #.#. #..#


You could see a hobgoblin.

Vanquished Creatures
  A bat (D:1)
  A goblin (D:1)
  A kobold (D:1)
  A rat (D:1)
4 creatures vanquished.

Notes
Turn   | Place    | Note
-------+----------+-------------------------------------------
     0 | D:1      | Descartes the Deep Elf Wanderer began the quest for the
                  | Orb.
     0 | D:1      | Descartes set off with the following items: a +0 falchion,
                  | a potion of lignification, a +0 robe; and the following
                  | spell memorised: Magic Dart; and the following spells
                  | available to memorise: Blink, Call Imp, Slow, Mephitic
                  | Cloud, Conjure Flame
     0 | D:1      | Reached XP level 1. HP: 12/12 MP: 6/6
   218 | D:1      | Slain by a hobgoblin

Illustrated notes

Levels and vault maps discovered:
D:1:      dpeg_arrival_three_smaller_balls, layout_loops_corners,
          bh_walls_and_bars

Skill      XL: |  1 |
---------------+----+-----
Long Blades    | 2 |  2.0
Fighting       | |  1.0
Throwing       | |  1.0
Stealth        | |  1.2
Spellcasting   | |  3.0
Conjurations   | |  0.7
Poison Magic   | |  3.2

Action                   || total
-------------------------++-------
Melee: Falchion          ||     9
 Stab: Sleeping          ||     1
Armor: Robe              ||     4
Dodge: Dodged            ||    16
       Rpst.: Falchion   ||     7
